 Dungeon Crawl Stone Soup version 0.28-a0-203-gf40de95187 (webtiles) character file.

Game seed: 12666292972433324371

835 Morbidden the Conjurer (level 7, -7/51 HPs)
             Began as a Demonspawn Conjurer on Aug 20, 2021.
             Shot with an arrow by a centaur (10 damage)
             ... on level 6 of the Dungeon.
             The game lasted 00:04:52 (5460 turns).

Morbidden the Conjurer (Demonspawn Conjurer)        Turns: 5460, Time: 00:04:53

Health: -7/51      AC:  5    Str:  8    XL:     7   Next: 66%
Magic:  10/13      EV: 12    Int: 21    God:
Gold:   177        SH:  5    Dex: 11    Spells: 10/14 levels left

rFire   + . .      SeeInvis .   y - +2 short sword (venom)
rCold   + . .      Faith    .   (no shield)
rNeg    . . .      Spirit   .   a - +0 robe
rPois   .          Reflect  +   (helmet restricted)
rElec   .          Harm     .   d - scarf {rC+ rF+}
rCorr   .          Rampage  .   (no gloves)
Will    .....                   g - +0 pair of boots
Stlth   ++........              o - amulet of reflection
HPRegen 0.17/turn               (no ring)
MPRegen 0.13/turn               (no ring)

@: no status effects
A: horns 1, icy blue scales 1, demonic magic 1
a: no special abilities


You were on level 6 of the Dungeon.
You visited 1 branch of the dungeon, and saw 6 of its levels.

You collected 177 gold pieces.

Inventory:

Hand Weapons
 e - a +0 dagger
 k - a +0 long sword
 y - a +2 short sword of venom (weapon)
Missiles
 h - 2 throwing nets
 i - 149 stones
Armour
 a - a +0 robe (worn)
 d - a scarf of resistance (worn)
 g - a +0 pair of boots (worn)
Jewellery
 o - an amulet of reflection (around neck)
Wands
 t - a wand of digging (7)
 v - a wand of polymorph (10)
Scrolls
 b - a scroll of magic mapping
 j - a scroll of fear {unknown}
 l - a scroll of torment {unknown}
 n - a scroll of acquirement {unknown}
 p - a scroll of holy word {unknown}
 q - a scroll of immolation {unknown}
 r - a scroll of brand weapon {unknown}
 s - a scroll of amnesia {unknown}
 u - a scroll of enchant armour {unknown}
Potions
 c - a potion of flight {unknown}
 f - a potion of attraction {unknown}
 m - a potion of ambrosia {unknown}
 w - a potion of degeneration {unknown}
 x - a potion of resistance {unknown}


   Skills:
 * Level 2.4 Fighting
 + Level 0.3(1.5) Short Blades
 + Level 2.4(2.5) Long Blades
 * Level 3.2 Dodging
 + Level 3.5 Stealth
 + Level 0.3 Shields
 * Level 4.2 Spellcasting
 * Level 5.7 Conjurations
 + Level 0.9 Earth Magic


You had 10 spell levels left.
You knew the following spells:

 Your Spells              Type           Power      Damage    Failure   Level
a - Magic Dart            Conj           100%       1d8       1%          1
b - Sandblast             Erth           16%        2d6       8%          1
z - Searing Ray           Conj           56%        3d5       1%          2

Your spell library contained the following spells:

 Spells                   Type           Power      Damage    Failure   Level
 Dazzling Flash           Conj/Hex       32%        N/A       11%         3
 Passwall                 Tmut/Erth      5%         N/A       14%         2
 Sublimation of Blood     Necr           2%         N/A       19%         2
 Wereblood                Tmut           4%         N/A       19%         2
 Summon Guardian Golem    Hex/Summ       4%         N/A       34%         3
 Fulminant Prism          Conj/Hex       8%         3d7       34%         4
 Iskenderun's Mystic Bla  Conj/Tloc      16%        2d5       34%         4
 Lee's Rapid Deconstruct  Erth           4%         3d6*      91%         5
 Orb of Destruction       Conj           14%        9d7       100%        7
 Spellforged Servitor     Conj/Summ      8%         N/A       100%        7
 Summon Hydra             Summ           2%         N/A       100%        7


Dungeon Overview and Level Annotations

Branches:
Dungeon (6/15)
 Temple: D:4-7

Altars:

Shops:
D:2 =   D:5 (   D:6 =


Innate Abilities, Weirdness & Mutations

You have a pair of small horns on your head.
You are partially covered in icy blue scales. (AC +2)
Spells you cast may paralyse adjacent enemies.


Message History

Press: ? - help, Shift-Dir - straight line (Press . to maintain the ray.) Malevolent energies surge around you.
You feel sick.
You are no longer poisoned.
Something hits you but does no damage.
Unknown command.
The searing ray hits something!
Something barely misses you.
Unknown command.
Something hits you.
Unknown command.
You finish channeling your searing ray.
Something hits you.
Unknown command.
Something completely misses you.
Things that are here:
a +2 short sword of venom; a +0 scale mail
y - a +2 short sword of venom Something hits you but does no damage.
Your +2 short sword of venom begins to drip with poison!
y - a +2 short sword of venom (weapon)
You miss something. Something hits you.
You hit something.
Reactivating autopickup.
You feel a bit more experienced.
Unknown command.
Things that are here:
a +0 dagger; a +0 robe; an orc corpse Unknown command.
A centaur comes into view.
The centaur shouts!
The centaur wields a +0 shortbow.
The centaur shoots an arrow.
The arrow hits you.
The centaur shoots an arrow.
The arrow hits you.
An orc wizard comes into view. It is wielding a +0 dagger.
The centaur shoots an arrow.
The arrow closely misses you.
The centaur shoots an arrow.
The arrow hits you!
* * * LOW HITPOINT WARNING * * *
The centaur shoots an arrow.
The arrow closely misses you.
The centaur shoots an arrow.
The arrow hits you!
* * * LOW HITPOINT WARNING * * *
The centaur shoots an arrow.
The arrow hits you!
You die...

*,,,,* *≈** *,* *, ****,*
*♣.P*****,* ** **
*,**********P≈♣*,,,,,*
,***,,,,,,,,,,*≈.♣******* ###***#
,,,,,,,,,,,,,,*#.# #..,,,.
,***,*******,,*#c# #.#***# ** *,*
*,,*#.# #.# * *,* *,,*#.# #.#
****,* *,,*#@# #.# ,,,,,* *,,*#.#
##.##### ****** *,,*#.#
####.).....
**********##..##.######.....[####
,,,,,,,,,.o.............####.#
****,***,#o########........#.#
*,* *,*,* #.######.#.# *,* *,*,*
#.# *,#.# *,* *,*,* #.# *,#.#


You could see a centaur.

Vanquished Creatures
  Grinder (D:5)
  Sigmund (D:5)
  Blork the orc (D:5)
  A scorpion (D:5)
  A water moccasin skeleton (D:6)
  A jelly (D:6)
  2 hounds
  Jessica (D:3)
  An orc wizard (D:6)
  An iguana (D:5)
  5 adders
  A worm (D:3)
  A dart slug (D:1)
  9 orcs
  4 ball pythons
  2 bats
  4 endoplasms
  3 giant cockroaches
  8 goblins
  5 hobgoblins
  A quokka (D:3)
  3 training dummies (D:5)
  7 frilled lizards
  6 kobolds
  8 rats
78 creatures vanquished.

Notes
Turn   | Place    | Note
-------+----------+-------------------------------------------
     0 | D:1      | Morbidden the Demonspawn Conjurer began the quest for the
                  | Orb.
     0 | D:1      | Reached XP level 1. HP: 13/13 MP: 3/3
   408 | D:1      | Gained mutation: You are partially covered in icy blue
                  | scales. (AC +2) [demonic ancestry]
   408 | D:1      | Reached XP level 2. HP: 19/19 MP: 3/5
   944 | D:1      | Learned a level 1 spell: Sandblast
  1660 | D:2      | Reached XP level 3. HP: 12/24 MP: 0/6
  2219 | D:2      | Found Ukeptol's Jewellery Emporium.
  2584 | D:3      | Gained mutation: Spells you cast may paralyse adjacent
                  | enemies. [demonic ancestry]
  2584 | D:3      | Reached XP level 4. HP: 8/31 MP: 0/7
  2843 | D:3      | Noticed Jessica
  2856 | D:3      | Killed Jessica
  2902 | D:3      | Found a faded altar of an unknown god.
  3417 | D:4      | Reached skill level 1 in Long Blades
  3417 | D:4      | Reached XP level 5. HP: 36/36 MP: 1/9
  3587 | D:4      | Reached skill level 1 in Fighting
  3602 | D:4      | Learned a level 2 spell: Searing Ray
  4065 | D:5      | Entered Level 5 of the Dungeon
  4084 | D:5      | Reached skill level 5 in Conjurations
  4200 | D:5      | Noticed Blork the orc
  4212 | D:5      | Killed Blork the orc
  4357 | D:5      | Reached XP level 6. HP: 43/43 MP: 4/11
  4472 | D:5      | Found Udurao's Firing Range.
  4614 | D:5      | Noticed Sigmund
  4622 | D:5      | Killed Sigmund
  4965 | D:5      | Noticed Grinder
  4977 | D:5      | Killed Grinder
  4978 | D:5      | Gained mutation: You have a pair of small horns on your
                  | head. [demonic ancestry]
  4978 | D:5      | Reached XP level 7. HP: 46/50 MP: 0/13
  5362 | D:6      | Found Rytot's Jewellery Emporium.
  5460 | D:6      | Shot with an arrow by a centaur

Illustrated notes

Levels and vault maps discovered:
D:1:      dpeg_arrival_snail, layout_rooms, st_stairs_3,
          chequers_serial_rivers_room_a, supply_closet_lemuel
D:2:      layout_basic, serial_shops, shop
D:3:      layout_rooms, shapermc_ecumenical_altar_mp_urbaneastern,
          minmay_misc_feat_more_columns, dk_noncrumbling_4, uniq_jessica
D:4:      layout_cave_pools, grunt_ministairs_7, chequers_serial_rivers_small_3
D:5:      layout_loops_ring, kennysheep_another_room, nicolae_shop_firing_range,
          uniq_blork_the_orc, uniq_grinder, uniq_sigmund
D:6:      layout_loops_ring, serial_shops, shop, gup_sewer_entry_spiral,
          serial_bayou_crossing

Skill      XL: |  1  2  3  4  5  6 |
---------------+-------------------+-----
Dodging        | 2 3 |  3.2
Stealth        | 2 3 |  3.5
Long Blades    | 1 2 |  2.4
Fighting       | 1 2 |  2.4
Spellcasting   | 3 4 |  4.2
Conjurations   | 5 |  5.7
Short Blades   | |  0.3
Shields        | |  0.3
Earth Magic    | |  0.9

Action                   |  1- 3 |  4- 6 |  7- 9 || total
-------------------------+-------+-------+-------++-------
Melee: Dagger            |    35 |       |       ||    35
       Long sword        |    15 |    44 |    22 ||    81
       Short sword       |       |       |     2 ||     2
       Headbutt          |       |       |     2 ||     2
 Cast: Magic Dart        |    73 |    45 |     4 ||   122
       Sandblast         |     4 |     4 |     3 ||    11
       Searing Ray       |       |     6 |     2 ||     8
  Use: Potion            |     1 |       |       ||     1
       Scroll            |       |       |     1 ||     1
 Stab: Paralysed         |       |     9 |       ||     9
       Sleeping          |       |     2 |       ||     2
Armor: Robe              |    26 |    14 |     9 ||    49
Dodge: Dodged            |    44 |    24 |    17 ||    85
Block: Other             |       |     7 |     4 ||    11
       Rpst.: Long sword |     3 |    10 |     6 ||    19

Table legend: (Time is in decaauts)
 A = Elapsed time spent in this place.
 B = Non-inter-level travel time spent in this place.
 C = Inter-level travel time spent in this place.
 D = Time resting spent in this place.
 E = Time spent auto-exploring this place.
 F = Levels seen in this place.
 G = Mean time per level.
                   A        B        C        D        E       F      G
               +--------+--------+--------+--------+--------+-----+--------+
         Total |   5491 |   5297 |    194 |    873 |   3832 |   6 |  915.2 |
       Dungeon |   5491 |   5297 |    194 |    873 |   3832 |   6 |  915.2 |
               +--------+--------+--------+--------+--------+-----+--------+

Top non-repeatable levels by time:
     D:1: 1358 daAuts
     D:5: 1279 daAuts
     D:2: 1060 daAuts
     D:3: 1005 daAuts
     D:4: 663 daAuts
     D:6: 125 daAuts
